Map: Кислотный завод РВ

Players

Scandalous

  • Race: Protoss Protoss
  • League: Master
  • Spawn Location: 11:00

ИИ 2 (новичок) - Winner!

  • Race: Zerg Zerg
  • Spawn Location: 5:00

VOD

Have the link to the VOD?

Description

Time

  • Played on: Feb. 1, 2018, 6:30 a.m.
  • Length: 6:25
Show
View Real Time Build Order
Export as new Build Order

Scandalous Protoss 

Build Orders: 1 Gate Expand 

Get SALT Encoding   

  12  0:00  Probe  
  13  0:12  Probe  
  14  0:20  Pylon  
  14  0:25  Probe  
  15  0:38  Probe (Chrono Boost)  
  15  0:39  Gateway  
  16  0:46  Probe (Chrono Boost)  
  16  0:49  Assimilator  
  17  0:52  Probe  
  18  1:04  Probe  
  19  1:22  Nexus  
  19  1:32  Cybernetics Core  
  19  1:36  Probe (Chrono Boost)  
  20  1:44  Assimilator  
  20  1:45  Probe (Chrono Boost)  
  21  1:51  Pylon  
  21  1:55  Probe  
  22  2:07  Probe  
  23  2:12  Adept  
  25  2:20  Probe (Chrono Boost)  
  26  2:30  Stargate  
  26  2:31  Probe (Chrono Boost)  
  27  2:37  Probe (Chrono Boost), Gateway  
  27  2:41  Shield Battery  
  27  2:47  Probe (Chrono Boost)  
  27  2:49  Probe (Chrono Boost)  
  31  2:51  Adept  
  31  2:55  Probe (Chrono Boost)  
  33  2:59  Probe (Chrono Boost)  
  33  3:02  Probe  
  34  3:10  Probe  
  34  3:11  Void Ray (Chrono Boost)  
  35  3:17  Protoss Air Weapons Level 1 (Chrono Boost)  
  39  3:23  Probe  
  39  3:24  Probe  
  41  3:33  Pylon  
  41  3:35  Probe  
  43  3:47  Void Ray (Chrono Boost)  
  46  3:51  Probe x2, Assimilator  
  48  3:56  Assimilator  
  48  4:03  Probe x2  
  50  4:11  Pylon  
  50  4:27  Void Ray (Chrono Boost)  
  50  4:29  Probe x2  
  56  4:32  Robotics Facility  
  56  4:35  Robotics Facility  
  56  4:40  Pylon  
  56  4:41  Probe x2  
  56  4:44  Adept  
  60  4:47  Adept  
  62  4:58  Probe x2  
  62  4:59  Pylon  
  64  5:04  Void Ray (Chrono Boost)  
  68  5:15  Probe x2  
  68  5:18  Pylon  
  68  5:20  Robotics Bay  
  70  5:27  Probe x2  
  72  5:40  Probe x2  
  72  5:41  Adept x2  
  78  5:50  Nexus  
  78  5:52  Pylon, Probe  
  78  5:53  Pylon  
  91  6:15  Twilight Council  
  91  6:18  Forge  
Show
View Real Time Build Order
Export as new Build Order

ИИ 2 (новичок) Zerg - Winner!

Build Orders: Hatch First 

Get SALT Encoding   

  12  0:01  Drone  
  13  0:12  Overlord  
  13  0:17  Drone  
  14  0:40  Hatchery  
  13  0:45  Drone  
  14  1:02  Spawning Pool  
  13  1:05  Drone  
  13  1:08  Extractor  
  13  1:12  Drone  
  14  1:20  Overlord  
  14  1:49  Zergling x2  
  14  1:50  Queen  
  14  1:51  Zergling x2  
  18  1:59  Roach Warren  
  17  2:03  Drone  
  17  2:06  Extractor  
  17  2:10  Drone  
  18  2:16  Zergling x2  
  18  2:20  Drone  
  20  2:27  Drone  
  21  2:35  Drone  
  22  2:42  Drone  
  23  2:49  Drone  
  24  2:56  Drone  
  25  3:02  Roach  
  25  3:03  Drone  
  28  3:09  Overlord  
  28  3:13  Drone  
  29  3:21  Drone  
  29  3:26  Lair  
  30  3:28  Drone  
  31  3:41  Drone  
  32  3:48  Drone  
  33  3:49  Roach  
  33  3:55  Drone  
  36  3:57  Overlord  
  37  4:02  Drone  
  38  4:10  Drone  
  39  4:17  Drone  
  40  4:24  Drone  
  40  4:25  Overseer  
  40  4:27  Overseer  
  40  4:31  Drone  
  40  4:35  Roach, Ravager  
  44  4:38  Drone  
  44  4:39  Overlord  
  45  4:45  Drone  
  46  4:53  Drone, Extractor  
  46  4:59  Extractor  
  45  5:00  Drone  
  46  5:07  Drone  
  47  5:14  Drone  
  48  5:21  Drone  
  49  5:28  Drone  
  50  5:36  Drone  
  50  5:37  Overlord  
  51  5:43  Drone  
Tags
 
Add a new tag
Caveats
  • Supply blocks, unpowered buildings, or Contaminate may cause inaccurate times.
  • Supply counts are checked every 10 seconds.